 Dungeon Crawl Stone Soup version 0.18.1-50-g88ac8fd (webtiles) character file.

352 Moofe the Sneak (level 6, -2/38 HPs)
             Began as an Octopode Ice Elementalist on Oct 20, 2016.
             Slain by an ice beast (12 damage)
             ... on level 5 of the Dungeon.
             The game lasted 00:17:08 (4801 turns).

Moofe the Sneak (Octopode Ice Elementalist)         Turns: 4801, Time: 00:17:08

Health: -2/38      AC:  1    Str: 13    XL:     6   Next: 62%
Magic:  10/10      EV: 19    Int: 17    God:
Gold:   213        SH:  0    Dex: 19    Spells: 3 memorised, 5 levels left

rFire  . . .     SeeInvis .     g - +0 dagger
rCold  . . .     Gourm    .     (no shield)
rNeg   . . .     Faith    .     (helmet restricted)
rPois  .         Spirit   .     (no amulet)
rElec  .         Dismiss  .     l - ring of protection from magic
rCorr  .         Reflect  .     (no ring)
SustAt .         Harm     .     (no ring)
MR     +....                    (no ring)
Stlth  ++++++....               (no ring)
                                (no ring)
                                (no ring)
                                (no ring)

@: mighty, agile, somewhat resistant to hostile enchantments, very stealthy
A: almost no armour, amphibious, 8 rings, constrict 8, camouflage 1, gelatinous
body 1
a: no special abilities


You were on level 5 of the Dungeon.
You were not hungry.

You visited 1 branch of the dungeon, and saw 5 of its levels.

You collected 213 gold pieces.

Inventory:

Hand Weapons
 g - a +0 dagger (weapon)
Missiles
 e - 33 poisoned needles
Magical Staves
 n - an uncursed staff of fire
Jewellery
 l - a ring of protection from magic (left tentacle)
Wands
 h - a wand of teleportation (2/9)
 k - a wand of enslavement (20/24)
Scrolls
 f - a scroll of identify
 j - 4 scrolls of teleportation
 m - a scroll of enchant armour
 o - 3 scrolls of fog
 q - a scroll of enchant weapon {unknown}
 r - a scroll of magic mapping {unknown}
Potions
 c - a potion of curing
Books
 a - a book of Frost

   Spells                             Type                      Level
   a - Freeze                         Ice                          1
   b - Throw Frost                    Conjuration/Ice              2
   c - Ozocubu's Armour               Charms/Ice                   3
   d - Throw Icicle                   Conjuration/Ice              4
   e - Summon Ice Beast               Ice/Summoning                4
Comestibles
 b - 2 bread rations
 i - a royal jelly
 p - a beef jerky
 t - a meat ration


   Skills:
 * Level 1.1 Fighting
 + Level 0.4 Short Blades
 * Level 1.9 Staves
 * Level 1.4 Throwing
 * Level 3.0 Dodging
 * Level 5.4 Stealth
 - Level 0.2 Unarmed Combat
 * Level 3.0 Spellcasting
 - Level 1.0 Conjurations
 * Level 3.9 Ice Magic
 + Level 0.7 Evocations


You had 5 spell levels left.
You knew the following spells:

 Your Spells              Type           Power        Failure   Level  Hunger
a - Freeze                Ice            ###.         3%          1    None
b - Throw Frost           Conj/Ice       ##....       12%         2    ##.....
c - Ozocubu's Armour      Chrm/Ice       #.......     24%         3    ###....


Dungeon Overview and Level Annotations

Branches:
Dungeon (5/15)
 Temple: D:4-7

Altars:


Innate Abilities, Weirdness & Mutations

You cannot wear most types of armour.
You are amphibious.
You can wear up to eight rings at the same time.
You can use your tentacles to constrict eight enemies at once.
Your skin changes colour to match your surroundings (Stealth).
Your rubbery body absorbs attacks (AC +1).


Message History

Okay, then.
Evoke which item? (* to show all) (? for menu, Esc to quit)
Zapping:
h - a wand of teleportation (will waste charges)
Press: ? - help, Shift-Dir - straight line, f - ice beast
Aim: an ice beast (chance to defeat MR: 53%)
Okay, then.
Drink which item? (? for menu, Esc to quit)
You feel very mighty all of a sudden. The ice beast hits you.
The ice beast freezes you!
Drink which item? (? for menu, Esc to quit)
You feel agile all of a sudden. The ice beast closely misses you.
You puncture the ice beast!
The ice beast is moderately wounded.
You hit the ice beast but do no damage. You squeeze the ice beast.
The ice beast is heavily wounded.
The ice beast hits you.
* * * LOW HITPOINT WARNING * * *
The ice beast freezes you!
You die...

#. #.# #.# #
#..# .###..#
#.....#
#######.....###
##...@Y.........
#..############.
#..## ##..##
##..##
##..######
##......######
###.##..##..##
#####......#


You could see an ice beast.

Vanquished Creatures
  A scorpion (D:4)
  2 crimson imps
  An iguana (D:4)
  Terence (D:3)
  A worker ant (D:4)
  A howler monkey skeleton (D:4)
  5 adders
  An ooze (D:4)
  An adder zombie (D:3)
  5 dart slugs
  3 worms
  2 giant geckos (D:3)
  4 orcs (D:3)
  2 ball pythons (D:3)
  6 bats
  4 giant cockroaches
  9 goblins
  9 hobgoblins
  3 kobolds
  5 quokkas
  4 giant newts
  5 rats
75 creatures vanquished.

Notes
Turn   | Place    | Note
--------------------------------------------------------------
     0 | D:1      | Moofe the Octopode Ice Elementalist began the quest for the Orb.
     0 | D:1      | Reached XP level 1. HP: 11/11 MP: 3/3
   651 | D:1      | Reached XP level 2. HP: 11/17 MP: 3/5
   892 | D:1      | Learned a level 2 spell: Throw Frost
   919 | D:1      | Reached skill level 3 in Stealth
  1550 | D:1      | Reached XP level 3. HP: 21/21 MP: 6/6
  2379 | D:2      | Learned a level 3 spell: Ozocubu's Armour
  2620 | D:3      | Noticed Terence
  2631 | D:3      | Reached XP level 4. HP: 24/27 MP: 7/7
  2666 | D:3      | Killed Terence
  2666 | D:3      | Reached skill level 4 in Stealth
  3139 | D:3      | Reached XP level 5. HP: 27/32 MP: 4/9
  3219 | D:3      | Reached skill level 5 in Stealth
  4127 | D:4      | Reached skill level 1 in Staves
  4315 | D:4      | Reached XP level 6. HP: 31/37 MP: 10/10
  4368 | D:4      | Reached skill level 1 in Fighting
  4368 | D:4      | Reached skill level 1 in Throwing
  4450 | D:5      | Entered Level 5 of the Dungeon
  4788 | D:5      | Noticed an ice beast
  4801 | D:5      | Slain by an ice beast

Skill      XL: |  1  2  3  4  5  6 |
---------------+-------------------+-----
Stealth        | 3 4 5 |  5.4
Staves         | 1 |  1.9
Dodging        | 3 |  3.0
Fighting       | 1 |  1.1
Throwing       | 1 |  1.4
Spellcasting   | 3 |  3.0
Short Blades   | |  0.4
Unarmed Combat | |  0.2
Conjurations   | |  1.0
Ice Magic      | |  3.9
Evocations     | |  0.7

Action                   |  1- 3 |  4- 6 || total
-------------------------+-------+-------++-------
Melee: Unarmed           |    40 |       ||    40
       Constrict         |    26 |    17 ||    43
       Tentacles         |    11 |    17 ||    28
       Dagger            |    43 |    81 ||   124
       Punch             |     1 |       ||     1
 Cast: Freeze            |     9 |    21 ||    30
       Throw Frost       |     7 |       ||     7
       Ozocubu's Armour  |       |     2 ||     2
  Use: Scroll            |     7 |     3 ||    10
       Potion            |     3 |     2 ||     5
 Stab: Sleeping          |    14 |     7 ||    21
       Distracted        |       |     1 ||     1
  Eat: Chunk             |     5 |     5 ||    10
       Meat ration       |       |     1 ||     1
Armor: Skin              |    10 |     9 ||    19
Dodge: Dodged            |    42 |    66 ||   108
